 Dungeon Sprint DCSS version 0.27-a0-1154-gfdeffcb720 (webtiles) character file.

Game seed: 12875929531226545021

306 Zeld the Zephyrmancer (level 6, -17/43 HPs)
             Began as an Octopode Air Elementalist on May 15, 2021.
             Was a Believer of Sif Muna.
             Demolished by a +4 flail of draining (21 damage)
             ... in the Dungeon (Sprint V: "Ziggurat Sprint").
             The game lasted 00:02:16 (678 turns).

Zeld the Zephyrmancer (Octopode Air Elementalist)    Turns: 678, Time: 00:02:17

Health: -17/43     AC:  1    Str:  7    XL:     6   Next: 39%
Magic:  23/23      EV: 18    Int: 37    God:    Sif Muna [**....]
Gold:   0          SH:  0    Dex: 12    Spells: 4/16 levels left

rFire    . . .     SeeInvis .   (no weapon)
rCold    . . .     Faith    .   (no shield)
rNeg     . . .     Spirit   .   (helmet restricted)
rPois    .         Reflect  .   (no amulet)
rElec    .         Harm     .   r - +6 ring of intelligence
rCorr    .         Rampage  .   q - +6 ring of intelligence
Will     .....     NoTele   +   v - ring of magical power
Stlth    +++.......             w - ring of Visagges {EV+4 Int+5}
HPRegen  0.14/turn              (no ring)
MPRegen  0.18/turn              (no ring)
                                (no ring)
                                (no ring)

@: lethally poisoned (-17 -> -20)
A: almost no armour, amphibious, 8 rings, camouflage 1, gelatinous body 1,
(nimble swimmer 1), tentacles
a: Renounce Religion, Channel Magic


You were in the Dungeon.
You worshipped Sif Muna.
Sif Muna was pleased with you.
You visited 1 branch

Inventory:

Jewellery
 q - a +6 ring of intelligence (right tentacle)
 r - a +6 ring of intelligence (left tentacle)
 v - a ring of magical power (on tentacle)
 w - the ring of Visagges (on tentacle) {EV+4 Int+5}
   (You found it in the Dungeon)

   [ring of evasion]

   It affects your evasion (+4).
   It affects your intelligence (+5).
Wands
 s - a wand of mindburst (7)
 u - a wand of acid (5)
Scrolls
 g - 2 scrolls of blinking
 j - 4 scrolls of amnesia
 l - 7 scrolls of fog
 m - a scroll of holy word
 n - 5 scrolls of identify
 o - 2 scrolls of fear
Potions
 a - 2 potions of brilliance
 b - 10 potions of curing
 c - 9 potions of heal wounds
 d - 6 potions of haste
 e - 7 potions of magic
 f - 3 potions of berserk rage
 h - 2 potions of invisibility
 i - 4 potions of resistance
 k - 5 potions of might
Miscellaneous
 p - a lightning rod (3/4)


   Skills:
 + Level 4.0 Fighting
 + Level 4.6 Dodging
 - Level 2.6 Stealth
 + Level 5.9 Spellcasting
 - Level 1.0 Conjurations
 * Level 9.2 Air Magic
 * Level 6.5 Invocations


You had 4 spell levels left.
You knew the following spells:

 Your Spells              Type           Power      Damage    Failure   Level
a - Shock                 Conj/Air       100%       1d9       1%          1
b - Static Discharge      Conj/Air       48%        N/A       1%          2
c - Airstrike             Air            34%        N/A       1%          4
d - Lightning Bolt        Conj/Air       24%        1d39      11%         5

Your spell library contained the following spells:

 Spells                   Type           Power      Damage    Failure   Level
 Swiftness                Air            68%        N/A       1%          3
 Sandblast                Erth           20%        2d7       3%          1
 Stone Arrow              Conj/Erth      28%        3d8       9%          3
 Leda's Liquefaction      Hex/Erth       5%         N/A       32%         4
 Summon Forest            Summ/Tloc      5%         N/A       67%         5
 Summon Mana Viper        Hex/Summ       10%        N/A       67%         5


Dungeon Overview and Level Annotations

Branches:
Dungeon (1/1)

Altars:
Ashenzari
Cheibriados
Dithmenos
Elyvilon
Fedhas
Gozag
Hepliaklqana
Kikubaaqudgha
Makhleb
Nemelex Xobeh
Okawaru
Qazlal
Ru
Sif Muna
Trog
Uskayaw
Vehumet
Wu Jian
Xom
Yredelemnul
Zin
The Shining One
Beogh
Jiyva
Lugonu

Annotations:
D 1 transporter


Innate Abilities, Weirdness & Mutations

You cannot wear most types of armour.
You are amphibious.
You can wear up to eight rings at the same time.
Your skin changes colour to match your surroundings (Stealth+).
Your rubbery body absorbs attacks. (AC +1, EV +1)
((You are camouflaged near water. (Stealth+)))
You have tentacles for arms and can constrict up to eight enemies at once.


Message History

The iceblast engulfs the +2 short sword of venom.
The +2 short sword of venom partially resists.
The +2 short sword of venom is severely damaged.
The iceblast engulfs the +4 flail of draining.
The +4 flail of draining partially resists.
The +4 flail of draining is lightly damaged.
The iceblast engulfs the deep elf zephyrmancer!
The deep elf zephyrmancer is moderately wounded.
The now-empty wand crumbles to dust.
You feel sick. The +2 short sword of venom hits you.
* * * LOW HITPOINT WARNING * * *
Unknown command.
Blink to where?
Press: ? - help, Dir - move target
As you read the scroll of blinking, it crumbles to dust.
You feel sick.
Aiming: Corrosive Bolt
Press: ? - help, Shift-Dir - straight line The bolt of acid misses the +4 flail of draining.
You feel sick.
The deep elf zephyrmancer mumbles some strange words.
The deep elf zephyrmancer blinks!
Unknown command.
Unknown command.
Aiming: Corrosive Bolt
Press: ? - help, Shift-Dir - straight line The bolt of acid hits the +4 flail of draining.
The +4 flail of draining is splashed with acid!
The acid corrodes the +4 flail of draining!
The +4 flail of draining is heavily damaged.
The bolt of acid hits the +2 short sword of venom!
The +2 short sword of venom is splashed with acid.
The acid corrodes the +2 short sword of venom!
The +2 short sword of venom falls from the air.
Sif Muna accepts your kill.
You feel sick.
The deep elf zephyrmancer hits you with a +0 rapier.
* * * LOW HITPOINT WARNING * * *
The +4 flail of draining hits you!!
You die...

▓▓▓▓▓▓▓▓▓▓▓▓▓▓▓▓▓▓▓
▓§8©8.▓.8©8.▓.8©8.▓
▓.|)=.▓."...▓.....▓
▓..)..▓.....▓.=...▓
▓.....▓.....▓.....▓
▓.E.).▓.....▓.....▓
▓...(.▓.....▓..©..▓
▓..©e@▓..©..▓▓▓▓▓▓▓
▓▓▓▓▓▓▓▓▓▓▓▓▓


You could see a water elemental, a deep elf zephyrmancer and a +4 flail of
draining (corroded).

Vanquished Creatures
  A dancing weapon (D)
  A small abomination (D)
  2 bullfrogs (D)
  A quasit (D)
  A shadow imp (D)
6 creatures vanquished.

Notes
Turn   | Place    | Note
-------+----------+-------------------------------------------
     0 | D        | Zeld the Octopode Air Elementalist began the quest for the
                  | Orb.
     0 | D        | Reached XP level 1. HP: 11/11 MP: 3/3
     4 | D        | Found a blossoming altar of Fedhas.
     5 | D        | Found the +6 Majin-Bo {vamp, MP+6 Int+6}
     5 | D        | Found the +9 heavy crossbow "Sniper" {vorpal, Acc+∞ SInv}
     5 | D        | Found the +10 dark maul {vorpal}
     5 | D        | Found the +15 Maxwell's patent armour {-Cast -Tele rElec
                  | Will+ rCorr}
     5 | D        | Found the +18 shield of the Gong {rElec rN+ Will+ EV-5}
     5 | D        | Found the +14 obsidian axe {vorpal, Drain Fly SInv}
     5 | D        | Found the +7 great mace "Firestarter" {inner flame, rF++}
     5 | D        | Found the +6 shillelagh "Devastator" {shatter}
     5 | D        | Found the +11 plutonium sword {Contam Stlth-}
     5 | D        | Found the +8 lance "Wyrmbane" {slay drac, rPois rF+ rC+
                  | AC+3}
     5 | D        | Found the +9 sword of Zonguldrok {reap}
     5 | D        | Found the +13 scythe of Curses {drain, Drain}
     5 | D        | Found the +5 sword of Power {vorpal}
     5 | D        | Found the +7 mace of Variability {chain chaos}
     5 | D        | Found the +7 Singing Sword {vorpal, sonic wave}
     5 | D        | Found the +8 storm bow {elec, penet}
     5 | D        | Found a shimmering blue altar of Sif Muna.
     5 | D        | Found a sacrificial altar of Ru.
     5 | D        | Found a bloodstained altar of Trog.
     5 | D        | Found a stormy altar of Qazlal.
     5 | D        | Found an iron altar of Okawaru.
     5 | D        | Found a sparkling altar of Nemelex Xobeh.
     7 | D        | Reached skill level 6 in Air Magic
     7 | D        | Reached XP level 2. HP: 17/17 MP: 4/7
     8 | D        | Found a transporter.
     8 | D        | Found an ancient bone altar of Kikubaaqudgha.
     8 | D        | Found a viscous altar of Jiyva.
     8 | D        | Found a corrupted altar of Lugonu.
     8 | D        | Found a hazy altar of Hepliaklqana.
     8 | D        | Found a burning altar of Makhleb.
     8 | D        | Found an opulent altar of Gozag.
    30 | D        | Became a worshipper of Sif Muna the Loreminder
    34 | D        | Learned a level 2 spell: Static Discharge
   173 | D        | Entered arena 2.
   173 | D        | Noticed a bullfrog
   173 | D        | Noticed a bullfrog
   173 | D        | Found a transporter.
   176 | D        | Killed a bullfrog
   177 | D        | Reached skill level 1 in Fighting
   177 | D        | Reached skill level 7 in Air Magic
   177 | D        | Reached XP level 3. HP: 12/24 MP: 9/9
   177 | D        | Reached XP level 4. HP: 14/29 MP: 10/10
   177 | D        | Killed a bullfrog
   178 | D        | Reached skill level 5 in Spellcasting
   178 | D        | Reached skill level 8 in Air Magic
   178 | D        | Reached XP level 5. HP: 18/35 MP: 10/12
   338 | D        | Learned a level 4 spell: Airstrike
   344 | D        | Learned a level 5 spell: Lightning Bolt
   448 | D        | Entered arena 3.
   448 | D        | Noticed a small abomination
   448 | D        | Found a transporter.
   449 | D        | Reached * piety under Sif Muna
   450 | D        | Reached skill level 5 in Invocations
   451 | D        | Killed a small abomination
   452 | D        | Reached skill level 9 in Air Magic
   452 | D        | Reached XP level 6. HP: 43/43 MP: 14/14
   457 | D        | Got the ring of Visagges {EV+4 Int+5}
   464 | D        | Got the Reference Book on Supportive Clay
   669 | D        | Entered arena 4.
   669 | D        | Noticed a +2 short sword of venom
   669 | D        | Noticed a water elemental
   669 | D        | Noticed a deep elf zephyrmancer
   669 | D        | Noticed a +4 flail of draining
   669 | D        | Found a transporter.
   670 | D        | Found the +8 longbow "Zephyr" {speed, Dex+3 SInv}
   673 | D        | HP: 1/43 [poisoned by a +2 short sword of venom]
   678 | D        | Killed a +2 short sword of venom
   678 | D        | Reached ** piety under Sif Muna
   678 | D        | Demolished by a +4 flail of draining

Illustrated notes

Levels and vault maps discovered:
D:        sprint_v [room_start, room_1, room_2, room_3, room_4, room_5, room_6,
          room_7, room_8, room_9, room_10, room_11, room_12, room_13, room_14,
          room_15, room_16, room_17, room_18, room_19, room_20, room_21,
          room_22, room_23, room_24, room_25, room_26, room_27]

Skill      XL: |  1  2  3  4  5 |
---------------+----------------+-----
Spellcasting   | 4 5 |  5.9
Air Magic      | 6 7 8 9 |  9.2
Fighting       | 1 2 4 |  4.0
Invocations    | 3 4 6 |  6.5
Dodging        | 3 4 |  4.6
Stealth        | |  2.6
Conjurations   | |  1.0

Action                   |  1- 3 |  4- 6 || total
-------------------------+-------+-------++-------
Evoke: Lightning rod     |     2 |     2 ||     4
       Wand              |     1 |     8 ||     9
  Use: Potion            |     1 |     1 ||     2
       Scroll            |       |     2 ||     2
Dodge: Dodged            |     2 |     3 ||     5

Table legend: (Time is in decaauts)
 A = Elapsed time spent in this place.
 B = Non-inter-level travel time spent in this place.
 C = Inter-level travel time spent in this place.
 D = Time resting spent in this place.
 E = Time spent auto-exploring this place.
 F = Levels seen in this place.
 G = Mean time per level.
                   A        B        C        D        E       F      G
               +--------+--------+--------+--------+--------+-----+--------+
         Total |    676 |    668 |      8 |    548 |     15 |   1 |  676.0 |
       Dungeon |    676 |    668 |      8 |    548 |     15 |   1 |  676.0 |
               +--------+--------+--------+--------+--------+-----+--------+

Top non-repeatable levels by time:
       D: 676 daAuts
